 Dungeon Crawl Stone Soup version 0.31-a0-18-gea43df2a32 (webtiles) character file.

Game seed: 10165648621982611687

7487 Gargoyl the Protected (level 11, -1/68 HPs)
             Began as a Gargoyle Berserker on May 11, 2023.
             Was an Elder of Trog.
             Slain by Erolcha
             ... wielding a +7 giant club
              (21 damage)
             ... on level 9 of the Dungeon.
             The game lasted 00:15:32 (8614 turns).

Gargoyl the Protected (Gargoyle Berserker)          Turns: 8614, Time: 00:15:32

Health: -1/68      AC: 26    Str: 22    XL:     11   Next: 16%
Magic:  11/11      EV: 10    Int: 12    God:    Trog [****..]
Gold:   266        SH:  0    Dex: 15    Spells: 10/10 levels left

rFire   . . .        q - +11 dagger of the Boiling Point {vamp, Int+7}
rCold   . . .        w - +0 kite shield
rNeg    + . .        s - +0 chain mail {Will+}
rPois   ∞            (no helmet)
rElec   +            k - +2 cloak
rCorr   .            p - +1 pair of gloves
SInv    .            n - +0 pair of boots
Will    ++++.        (no amulet) Stlth
                     m - ring of flight
HPRegen 1.31/turn    (no ring)
MPRegen 0.12/turn

%: no passive effects
@: confused, ambrosia-drunk, strong-willed, flying, regenerating
A: sickness immunity, AC +8, negative energy resistance 1, electricity
resistance, torment resistance 1, petrification resistance, thin skeletal
structure 1, dopey 1, strong-willed 1
a: Renounce Religion, Berserk, Trog's Hand, Brothers in Arms


You were on level 9 of the Dungeon.
You worshipped Trog.
Trog was greatly pleased with you.
You visited 1 branch of the dungeon, and saw 9 of its levels.
You also visited: Bailey.

You collected 728 gold pieces.
You spent 462 gold pieces at shops.

Inventory:

Hand Weapons
 q - the +11 dagger of the Boiling Point (weapon) {vamp, Int+7}
   (You found it on level 4 of the Dungeon)

   Int:       It affects your intelligence (+7).
 t - a +4 war axe
 x - a +1 broad axe of flaming
 z - a +3 trident of venom
Armour
 k - a +2 cloak (worn)
 n - a +0 pair of boots (worn)
 p - a +1 pair of gloves (worn)
 s - a +0 chain mail of willpower (worn)
 w - a +0 kite shield (worn)
Jewellery
 m - a ring of flight (left hand)
Wands
 d - a wand of paralysis (9)
 o - a wand of light (10)
 v - a wand of roots (9)
 y - a wand of mindburst (34)
Scrolls
 c - a scroll of identify
 i - a scroll of blinking
 l - 4 scrolls of teleportation
Potions
 b - 2 potions of might
 e - 5 potions of lignification
 f - a potion of ambrosia
 g - 2 potions of resistance
 h - 2 potions of magic
 j - 5 potions of flight
 u - a potion of attraction {unknown}
Miscellaneous
 a - a lightning rod (4/4)


   Skills:
 + Level 7.7 Fighting
 + Level 7.0 Short Blades
 + Level 5.7 Axes
 + Level 9.5 Armour
 + Level 6.0 Dodging
 + Level 2.5 Stealth
 + Level 5.6 Shields


You had 10 spell levels left.
You didn't know any spells.
Your spell library was empty.

Dungeon Overview and Level Annotations

Branches:
Dungeon (9/15)             Temple (0/1) D:5            Lair (0/5) D:9
    Orc (0/2) D:9          Bailey (visited)

Altars:
Ashenzari
Cheibriados
Elyvilon
Fedhas
Gozag
Hepliaklqana
Makhleb
Ru
Sif Muna
Vehumet

Shops:
D:5 [

Annotations:
D:9 Erolcha


Innate Abilities, Weirdness & Mutations

You are immune to sickness and miasma.
Your stone body is resilient. (AC +8)
You are immune to poison.
You resist negative energy. (rN+)
You are resistant to electric shocks. (rElec)
You are resistant to unholy torment.
You are immune to petrification.
You have a somewhat thin skeletal structure. (Dex +2, Stealth+)
You are dopey. (Int -2)
You are strong-willed. (Will+)


Message History

Erolcha shouts!
An orc wizard comes into view. It is wielding a +0 dagger.
There is an open door here.
There are monsters nearby!
Erolcha casts a spell.
Erolcha flickers and vanishes!
Deactivating autopickup; reactivate with Ctrl-A.
You hear a shout!
Your skin crawls.
You feel strong-willed.
Your ogre goes berserk!
Trog will no longer gift you weapons.
You hear some strange, mumbled words.
A fireball appears from out of thin air!
The fireball explodes!
The fireball engulfs your ogre!!
The fireball engulfs you but does no damage.
There are no items here.
Press: ? - help, v - describe, . - travel The floor.
There is a strange disturbance nearby!
You swap places.
You hear some strange, mumbled words.
Your ogre rages.
You hit something. Something hits you.
You hit something.
You feel better.
You hit something but do no damage. You block something's attack.
You closely miss something. Something hits you!!
You hit something. You completely miss something.
You hear some strange, mumbled words.
You hear some strange, mumbled words.
Something tries to affect you, but you resist.
Something hits you!!!
Ouch! That really hurt!
* * * LOW HITPOINT WARNING * * *
You hear a shout!
You hit something.
You feel better.
You are confused.
You feel invigorated. Something hits you!!
You die...

... #.# .......
#.# o...... #.#
....... #.#
....... #.#
....... #.#
....... #.#
.......###O#
.......'..@#
.......##..#######
....... #.........
....... #.######.#
#+##### #......<.
#########


You could see a friendly ogre (summoned, berserk).

Vanquished Creatures
  A hydra (D:8)
  Joseph (D:7)
  Maggie (D:7)
  An efreet (D:8)
  A troll (D:9)
  A wraith (D:9)
  A yak (D:9)
  Grum (D:9)
  3 water moccasins
  An ice beast (D:7)
  3 black bears
  2 sky beasts
  6 orc warriors
  2 ogres
  7 wolves
  6 centaurs
  A phantom (D:7)
  2 kobold brigands
  A bullfrog (D:8)
  3 scorpions
  3 gnoll sergeants
  5 wights (D:8)
  11 killer bees
  3 electric eels (D:9)
  4 howler monkeys
  2 hounds
  A jelly (D:5)
  7 orc priests
  A gnoll bouda (D:8)
  3 sleepcaps
  An iguana (D:5)
  9 orc wizards
  13 gnolls
  13 adders
  An ufetubus (D:6)
  2 worms
  The ghost of fly the Sneak, a weakling FoDe (D:5)
  A dart slug (D:3)
  52 orcs
  8 ball pythons
  4 bats (D:1)
  An endoplasm (D:3)
  7 giant cockroaches
  13 goblins
  9 hobgoblins
  2 jackals (D:3)
  24 kobolds
  5 quokkas
  3 frilled lizards
  4 rats
258 creatures vanquished.

Notes
Turn   | Place    | Note
-------+----------+-------------------------------------------
     0 | D:1      | Gargoyl the Gargoyle Berserker began the quest for the Orb.
     0 | D:1      | Reached XP level 1. HP: 14/14 MP: 1/1
   126 | D:1      | Reached XP level 2. HP: 12/19 MP: 2/2
   988 | D:2      | Reached XP level 3. HP: 21/23 MP: 3/3
  1811 | D:2      | Reached ** piety under Trog
  1812 | D:2      | Reached XP level 4. HP: 27/29 MP: 4/4
  1961 | D:3      | Found a broken altar of Ashenzari.
  1972 | D:3      | Found a snail-covered altar of Cheibriados.
  2182 | D:3      | Reached XP level 5. HP: 33/33 MP: 5/5
  2231 | D:3      | Found a faded altar of an unknown god.
  3038 | D:4      | Reached skill level 3 in Armour
  3038 | D:4      | Reached XP level 6. HP: 20/38 MP: 6/6
  3213 | D:4      | Identified the +11 dagger of the Boiling Point {vamp,
                  | Int+7}
  3326 | D:4      | Found a sacrificial altar of Ru.
  3496 | D:4      | Found a radiant altar of Vehumet.
  3618 | D:5      | Entered Level 5 of the Dungeon
  3627 | D:5      | Gained mutation: You are robust. (+10% HP) [potion of
                  | mutation]
  3627 | D:5      | Gained mutation: You occasionally lose the ability to drink
                  | potions when taking damage. [potion of mutation]
  3627 | D:5      | Gained mutation: You possess an exceptional clarity of
                  | mind. [potion of mutation]
  3692 | D:5      | Found Ufeb's Antique Armour Emporium.
  3697 | D:5      | Bought a pearl-encrusted ring mail for 252 gold pieces
  3697 | D:5      | Identified the +0 ring mail of the Hidden Vale {Int+3} (You
                  | bought it in a shop on level 5 of the Dungeon)
  3736 | D:5      | Noticed a water moccasin
  3740 | D:5      | Reached skill level 5 in Axes
  3749 | D:4      | Reached skill level 4 in Armour
  3749 | D:4      | Reached XP level 7. HP: 43/48 MP: 7/7
  3868 | D:5      | Found a staircase to the Ecumenical Temple.
  3898 | D:5      | Reached skill level 1 in Short Blades
  3936 | D:5      | Reached skill level 5 in Armour
  4001 | D:5      | Found a large runed translucent door.
  4002 | D:5      | Found a large runed translucent door.
  4005 | D:5      | Noticed fly's ghost (weakling FoDe)
  4102 | D:5      | Found a shimmering blue altar of Sif Muna.
  4261 | D:5      | Killed fly's ghost
  4291 | D:5      | Reached XP level 8. HP: 44/52 MP: 8/8
  4365 | D:6      | Reached skill level 5 in Fighting
  4656 | D:6      | Reached skill level 6 in Armour
  4659 | D:6      | Found an opulent altar of Gozag.
  4929 | D:7      | Found a flagged portal.
  4933 | Bailey   | Entered a bailey
  4980 | Bailey   | Reached XP level 9. HP: 60/60 MP: 9/9
  5029 | Bailey   | Reached *** piety under Trog
  5062 | Bailey   | Reached skill level 1 in Stealth
  5270 | D:7      | Lost mutation: You possess an exceptional clarity of mind.
                  | [potion of mutation]
  5270 | D:7      | Lost mutation: You are robust. (+10% HP) [potion of
                  | mutation]
  5270 | D:7      | Lost mutation: You occasionally lose the ability to drink
                  | potions when taking damage. [potion of mutation]
  5270 | D:7      | Gained mutation: You are strong-willed. (Will+) [potion of
                  | mutation]
  5270 | D:7      | Gained mutation: You are robust. (+10% HP) [potion of
                  | mutation]
  5270 | D:7      | Gained mutation: Potions are less effective at restoring
                  | your health. [potion of mutation]
  5270 | D:7      | Gained mutation: You have a pair of small horns on your
                  | head. [potion of mutation]
  5347 | D:7      | Found a hazy altar of Hepliaklqana.
  5405 | D:7      | Reached skill level 7 in Armour
  5543 | D:7      | Found a white marble altar of Elyvilon.
  5578 | D:7      | Reached skill level 5 in Short Blades
  5585 | D:7      | Noticed Joseph
  5604 | D:7      | Killed Joseph
  5605 | D:7      | Reached skill level 5 in Dodging
  5803 | D:7      | Noticed Maggie
  5812 | D:7      | Killed Maggie
  5861 | D:7      | Reached skill level 1 in Shields
  5861 | D:7      | Reached XP level 10. HP: 48/67 MP: 10/10
  6045 | D:7      | Found a burning altar of Makhleb.
  6578 | D:5      | Bought a shiny chain mail for 210 gold pieces
  6655 | D:8      | Reached **** piety under Trog
  7326 | D:8      | Reached skill level 8 in Armour
  7513 | D:9      | Noticed a five-headed hydra
  7552 | D:8      | Killed a five-headed hydra
  7661 | D:9      | Noticed Grum
  7681 | D:9      | Reached skill level 9 in Armour
  7691 | D:9      | Killed Grum
  7731 | D:9      | Reached skill level 5 in Shields
  7731 | D:9      | Reached XP level 11. HP: 68/74 MP: 11/11
  7745 | D:9      | Found a staircase to the Lair.
  8131 | D:9      | Found a staircase to the Orcish Mines.
  8188 | D:9      | Reached ***** piety under Trog
  8192 | D:9      | Found a blossoming altar of Fedhas.
  8398 | D:9      | Lost mutation: Potions are less effective at restoring your
                  | health. [potion of mutation]
  8398 | D:9      | Lost mutation: You are robust. (+10% HP) [potion of
                  | mutation]
  8398 | D:9      | Lost mutation: You have a pair of small horns on your head.
                  | [potion of mutation]
  8398 | D:9      | Gained mutation: You are dopey. (Int -2) [potion of
                  | mutation]
  8398 | D:9      | Gained mutation: You have a somewhat thin skeletal
                  | structure. (Dex +2, Stealth+) [potion of mutation]
  8590 | D:9      | Noticed Erolcha
  8614 | D:9      | Slain by Erolcha

Illustrated notes

Levels and vault maps discovered:
D:1:      tarquinn_simple_flora_water_d, layout_loops_ring,
          minmay_misc_feat_secret_circle
D:2:      layout_basic, st_stairs_14
D:3:      layout_basic, grunt_temple_overflow_open,
          dreamdust_ecumenical_altar_angels_and_demons, dk_noncrumbling_3
D:4:      layout_gridville, nicolae_vehumet_radiance,
          mainiacjoe_overflow_alcove_2, serial_park_tiny_1
D:5:      layout_cave_pools, tgw_sif, minmay_temple_entry_wispy,
          ebering_ghost_disaster_area, minmay_shop_grid_forest, minivault_4
D:6:      layout_basic, old_standard_altar, minivault_19
D:7:      layout_cave_pods, elyvilon_altar_5, mainiacjoe_overflow_boulevard,
          kennysheep_little_box, enter_bailey_1, uniq_joseph, uniq_maggie
D:8:      layout_cave_pods, minmay_holes
D:9:      layout_basic, mainiacjoe_overflow_brackets, erik_lair_island,
          hiddenorc2_lemuel, minmay_bent, uniq_erolcha, uniq_grum

Skill      XL: |  1  2  3  4  5  6  7  8  9 10 11 |
---------------+----------------------------------+-----
Axes           | 3 4 5 |  5.7
Dodging        | 2 3 4 5 6 |  6.0
Fighting       | 4 5 6 7 |  7.7
Armour         | 3 4 5 6 7 9 |  9.5
Short Blades   | 1 3 5 6 7 |  7.0
Stealth        | 1 2 |  2.5
Shields        | 1 5 |  5.6

Action                     |  1- 3 |  4- 6 |  7- 9 | 10-12 || total
---------------------------+-------+-------+-------+-------++-------
  Melee: Hand axe          |   107 |   142 |       |       ||   249
         Dagger            |       |    37 |   279 |   407 ||   723
         Punch             |       |       |     3 |       ||     3
         Headbutt          |       |       |    20 |    64 ||    84
 Invoke: Berserk           |     1 |     2 |     4 |     1 ||     8
         Trog's Hand       |       |     1 |     5 |     2 ||     8
         Brothers in Arms  |       |       |       |     2 ||     2
    Use: Scroll            |     5 |     9 |     5 |       ||    19
         Potion            |     1 |     1 |     1 |     2 ||     5
   Stab: Sleeping          |     2 |       |       |       ||     2
         Distracted        |       |       |       |     1 ||     1
 Armour: Animal skin       |    47 |     9 |       |       ||    56
         Ring mail         |       |   102 |   193 |    50 ||   345
         Chain mail        |       |       |       |   230 ||   230
  Dodge: Dodged            |    85 |   132 |   206 |   199 ||   622
  Block: Kite shield       |       |       |    15 |   224 ||   239

Table legend: (Time is in decaauts)
 A = Elapsed time spent in this place.
 B = Non-inter-level travel time spent in this place.
 C = Inter-level travel time spent in this place.
 D = Time resting spent in this place.
 E = Time spent auto-exploring this place.
 F = Levels seen in this place.
 G = Mean time per level.
                   A        B        C        D        E       F      G
               +--------+--------+--------+--------+--------+-----+--------+
         Total |   8618 |   8254 |    364 |    351 |   5599 |  10 |  861.8 |
       Dungeon |   8299 |   7935 |    364 |    351 |   5472 |   9 |  922.1 |
        Bailey |    319 |    319 |      0 |      0 |    127 |   1 |  319.0 |
               +--------+--------+--------+--------+--------+-----+--------+

Top non-repeatable levels by time:
     D:8: 1195 daAuts
     D:2: 1127 daAuts
     D:7: 1067 daAuts
     D:3: 997 daAuts
     D:9: 969 daAuts
     D:1: 799 daAuts
     D:4: 798 daAuts
     D:5: 721 daAuts
     D:6: 622 daAuts
  Bailey: 319 daAuts
